 Dungeon Crawl Stone Soup version 0.27-a0-1149-g4505690ab0 (webtiles) character file.

Game seed: 8468935002038516074

20724 robertstho the Thaumaturge (level 13, 0/82 HPs)
             Began as a Djinni Fire Elementalist on May 13, 2021.
             Was an Initiate of Gozag.
             Slain by a +0 mace of flaming (1 damage)
             ... in a volcano.
             The game lasted 00:40:35 (13529 turns).

robertstho the Thaumaturge (DjFE)                  Turns: 13529, Time: 00:40:39

Health: 0/82       AC:  8    Str: 11    XL:     13   Next: 14%
Gold:   1505       EV: 15    Int: 21    God:    Gozag SH:  0 Dex: 15

rFire    + + .     SeeInvis .   d - +2 short sword (venom)
rCold    + + +     Faith    .   (no shield)
rNeg     . . .     Spirit   .   a - +1 robe of Defiance {rC+++ Regen+ Stlth-}
rPois    ∞         Reflect  .   D - +2 hat
rElec    +         Harm     .   o - +1 cloak
rCorr    .         Rampage  .   w - +0 pair of gloves of Atoo {Contam rElec Str+4 Slay+2}
Will     +....                  (boots unavailable)
Stlth    ++........             c - amulet of regeneration
HPRegen  2.23/turn              O - ring of protection from cold
MPRegen  0.00/turn              (no ring)

@: about to teleport, gold aura, flying
A: sickness immunity, fire resistance 2, cold vulnerability 1, float, innate
caster, hp casting, extra vitality 1
a: Renounce Religion, Potion Petition, Call Merchant, Bribe Branch


You were in a volcano.
You worshipped Gozag.
Gozag was most pleased with you.
You visited 2 branches of the dungeon, and saw 13 of its levels.
You also visited: Sewer, Ossuary and Volcano.

You collected 3304 gold pieces.
You spent 1728 gold pieces at shops.
You paid 71 gold pieces to Gozag.

Inventory:

Hand Weapons
 d - a +2 short sword of venom (weapon)
 e - a +0 dagger
 i - a +1 short sword of holy wrath
 p - a +2 flail of draining
Missiles
 G - 3 curare-tipped darts
 M - 2 throwing nets
Armour
 a - the +1 robe of Defiance (worn) {rC+++ Regen+ Stlth-}
   (You bought it in a shop on level 6 of the Dungeon)

   It renders you almost immune to cold.
   It increases your rate of health regeneration.
   It makes you less stealthy.
 b - a +2 robe of fire resistance
 o - a +1 cloak (worn)
 w - the +0 pair of gloves of Atoo (worn) {Contam rElec Str+4 Slay+2}
   (You bought it in a shop on level 6 of the Dungeon)

   It affects your strength (+4).
   It affects your accuracy and damage with ranged weapons and melee attacks
   (+2).
   It insulates you from electricity.
   It causes magical contamination when unequipped.
 C - the +0 pair of gloves of Gluttony {rN+ Regen+}
   (You found it in a sewer)

   It protects you from negative energy.
   It increases your rate of health regeneration.
 D - a +2 hat (worn)
 J - a +0 hat of stealth
 N - a +2 robe of positive energy
Jewellery
 c - an amulet of regeneration (around neck)
 O - a ring of protection from cold (left hand)
Wands
 k - a wand of iceblast (11)
 H - a wand of polymorph (13)
 K - a wand of flame (32)
Scrolls
 f - a scroll of immolation
 g - 4 scrolls of vulnerability
 h - 3 scrolls of fog
 l - 3 scrolls of teleportation
 r - 3 scrolls of blinking
 F - a scroll of enchant weapon
 L - a scroll of summoning
Potions
 j - 2 potions of might {unknown}
 m - 2 potions of curing
 n - 5 potions of lignification
 q - 2 potions of heal wounds
 s - 2 potions of haste
 t - 2 potions of invisibility
 u - a potion of berserk rage
 v - 7 potions of flight
 x - 2 potions of mutation
 z - 2 potions of brilliance
 A - a potion of ambrosia
 B - a potion of resistance
Miscellaneous
 y - a piece from Xom's chessboard (13/15)


   Skills:
 + Level 3.6 Fighting
 + Level 3.4 Short Blades
 + Level 0.7 Maces & Flails
 + Level 6.4 Dodging
 + Level 5.2 Stealth
 + Level 14.0 Spellcasting
 + Level 1.5 Evocations


You had 4 spell levels left.
You knew the following spells:

 Your Spells              Type           Power      Damage    Failure   Level
a - Foxfire               Conj/Fire      100%       2x1d9     0%          1
b - Conjure Flame         Conj/Fire      65%        6-21      1%          3
c - Inner Flame           Hex/Fire       65%        N/A       1%          3
d - Sticky Flame          Conj/Fire      65%        2d8       1%          4
e - Fireball              Conj/Fire      32%        3d14      1%          5
f - Summon Small Mammal   Summ           100%       N/A       0%          1
g - Ensorcelled Hibernat  Hex/Ice        100%       N/A       1%          2
h - Dazzling Flash        Conj/Hex       100%       N/A       1%          3
i - Olgreb's Toxic Radia  Pois           65%        N/A       1%          4
j - Metabolic Englaciati  Hex/Ice        32%        N/A       1%          5
k - Alistair's Intoxicat  Tmut/Pois      43%        N/A       1%          5
Your spell library was empty.

Dungeon Overview and Level Annotations

Branches:
Dungeon (11/15)            Temple (0/1) D:7            Lair (2/6) D:10
    Orc (0/2) D:10          Sewer (visited)         Ossuary (visited)
Volcano (1/1)
  Swamp: Lair:2-4    Shoals: Lair:2-4     Snake: Lair:2-4    Spider: Lair:2-4

Altars:
Dithmenos
Elyvilon
Fedhas
Gozag
Hepliaklqana
Makhleb
Qazlal
Sif Muna
Wu Jian
Yredelemnul
Zin
The Shining One

Shops:
D:5 !   D:6 *[[!:

Annotations:
D:3 1 runed translucent door, Crazy Yiuf
D:5 1 runed translucent door
D:6 648 robe
D:10 Need digging for vault
Lair:2 1 transporter


Innate Abilities, Weirdness & Mutations

You are immune to sickness and miasma.
You are immune to poison.
Your flesh is very heat resistant. (rF++)
You are vulnerable to cold. (rC-)
You float through the air rather than walking.
You learn spells naturally, not from books.
Your magical power is your life essence.
You have superior vitality. (+4 HP)


Message History

The +0 mace of flaming completely misses you.
The toenail golem becomes distracted by the nearby gold, dreaming of imaginary riches.
The +0 mace of flaming hits you! The +0 mace of flaming hits you!
Casting: Alistair's Intoxication (mildly dangerous; 1% risk of failure)
Confirm with . or Enter, or press ? or * to list all spells.
Aiming: Sticky Flame (safe; 1% risk of failure)
Press: ? - help, Shift-Dir - straight line, f/p - +0 mace of flaming
Aim: a +0 mace of flaming (severely damaged, covered in acid, 100% to hit)
The sticky flame hits the +0 mace of flaming.
The +0 mace of flaming resists.
The +0 mace of flaming is severely damaged.
The +0 mace of flaming is covered in liquid flames!
The +0 mace of flaming barely misses you.
The +0 mace of flaming hits you!!
* * * LOW HITPOINT WARNING * * *
The +0 mace of flaming hits you!
* * * LOW HITPOINT WARNING * * *
The +0 mace of flaming burns you.
* * * LOW HITPOINT WARNING * * *
You feel much better. The +0 mace of flaming hits you.
The +0 mace of flaming hits you.
The +0 mace of flaming burns!
The +0 mace of flaming stops burning.
The +0 mace of flaming is no longer covered in acid.
The +0 mace of flaming hits you!
* * * LOW HITPOINT WARNING * * *
As you read the scroll of teleportation, it crumbles to dust.
You feel strangely unstable. The +0 mace of flaming hits you!
* * * LOW HITPOINT WARNING * * *
The +0 mace of flaming burns you.
* * * LOW HITPOINT WARNING * * *
You feel much better. The +0 mace of flaming hits you!
* * * LOW HITPOINT WARNING * * *
The +0 mace of flaming burns you.
* * * LOW HITPOINT WARNING * * *
The +0 mace of flaming hits you!
* * * LOW HITPOINT WARNING * * *
The +0 mace of flaming burns you.
You die...
Your body crumbles into a pile of gold.

≈......#...####
≈......'.∩.########
.......#.....'....#
#################.#
#.$8:[)$$ #.#
#.#$$!)[[ #.# # #.#
.$!$$ #.#
#.#########.#
#....8(@....#
#############


You could see a toenail golem and a +0 mace of flaming.

Vanquished Creatures
  Gastronok (D:9)
  A death knight (D:11)
  A centaur warrior (D:11)
  Pikel (D:4)
  5 wizards (Volcano)
  A deep elf pyromancer (D:11)
  4 toenail golems (Volcano)
  3 cane toads
  An unseen horror (D:10)
  3 komodo dragons (Lair:1)
  A troll (D:10)
  A hornet (D:8)
  A meliai zombie (D:10)
  4 redbacks (D:5)
  2 wyverns
  A wraith (D:10)
  15 yaks
  2 wargs (D:10)
  Edmund (D:6)
  Duvessa (D:7)
  8 water moccasins
  7 orc warriors
  5 ice beasts
  2 sky beasts (D:7)
  6 ogres
  2 phantoms
  5 centaurs
  A lemure (D:4)
  5 kobold brigands
  8 bullfrogs
  4 gnoll sergeants
  10 scorpions
  Dowan (D:7)
  12 killer bees
  10 wights
  A howler monkey (D:10)
  An electric eel (Lair:2)
  5 centaur zombies
  A jelly (D:4)
  3 bullfrog zombies
  2 centaur skeletons
  A gnoll shaman (D:4)
  6 bullfrog skeletons
  4 orc priests
  4 iguanas
  9 orc wizards
  A killer bee zombie (D:8)
  8 mummies (Ossuary)
  2 hound skeletons
  A howler monkey zombie (D:9)
  10 gnolls
  13 adders
  2 shadow imps
  An ufetubus (D:5)
  2 adder skeletons
  7 worms
  A dart slug (D:1)
  41 orcs
  8 ball pythons
  6 bats
  9 endoplasms
  10 giant cockroaches
  2 goblins (D:4)
  5 hobgoblins
  7 jackals
  16 kobolds
  5 quokkas
  9 frilled lizards
  A gnoll zombie (Ossuary)
  4 kobold zombies (Ossuary)
  3 orc zombies (Ossuary)
  5 rats
352 creatures vanquished.

Vanquished Creatures (collateral kills)
  5 foxfires
5 creatures vanquished.

Vanquished Creatures (others)
  969 foxfires
  7 fungi
  18 plants
994 creatures vanquished.

Grand Total: 1351 creatures vanquished

Notes
Turn   | Place    | Note
-------+----------+-------------------------------------------
     0 | D:1      | robertstho the Djinni Fire Elementalist began the quest for
                  | the Orb.
     0 | D:1      | Reached XP level 1. HP: 15/15 MP: 0/0
   269 | D:1      | Reached XP level 2. HP: 16/21 MP: 0/0
   838 | D:1      | Reached skill level 3 in Spellcasting
   887 | D:1      | Reached XP level 3. HP: 24/25 MP: 0/0
   887 | D:1      | Learned a level 1 spell: Summon Small Mammal
  1160 | D:1      | Found a faded altar of an unknown god.
  2172 | D:2      | Reached XP level 4. HP: 27/31 MP: 0/0
  2599 | D:3      | Found a glowing silver altar of Zin.
  2658 | D:3      | Reached XP level 5. HP: 21/35 MP: 0/0
  2658 | D:3      | Learned a level 2 spell: Ensorcelled Hibernation
  3012 | D:3      | Noticed a kobold brigand
  3021 | D:3      | Killed a kobold brigand
  3022 | D:3      | Reached skill level 4 in Spellcasting
  3207 | D:3      | Reached XP level 6. HP: 37/40 MP: 0/0
  3354 | D:3      | Found an ornate altar of the Wu Jian Council.
  3711 | D:3      | Found a runed translucent door.
  3712 | D:3      | Noticed Crazy Yiuf
  4340 | D:4      | Reached skill level 5 in Spellcasting
  4340 | D:4      | Reached XP level 7. HP: 27/45 MP: 0/0
  4340 | D:4      | Learned a level 3 spell: Dazzling Flash
  4584 | D:4      | Found an opulent altar of Gozag.
  4601 | D:4      | Became a worshipper of Gozag Ym Sagoz the Greedy
  4835 | D:4      | Noticed Pikel
  4852 | D:4      | Identified a scroll of acquirement
  4852 | D:4      | Acquired an amulet of regeneration
  4861 | D:4      | Killed Pikel
  4862 | D:4      | Reached skill level 6 in Spellcasting
  4862 | D:4      | Reached XP level 8. HP: 15/51 MP: 0/0
  5664 | D:5      | Entered Level 5 of the Dungeon
  5664 | D:5      | Found a blossoming altar of Fedhas.
  5688 | D:5      | Reached skill level 7 in Spellcasting
  5704 | D:5      | Found a sand-covered staircase.
  5704 | D:5      | Found a stormy altar of Qazlal.
  5910 | D:5      | Reached XP level 9. HP: 56/56 MP: 0/0
  5910 | D:5      | Learned a level 4 spell: Olgreb's Toxic Radiance
  5922 | D:5      | Found Sownam's Distillery.
  5991 | D:5      | Bought a potion of heal wounds for 70 gold pieces
  5991 | D:5      | Bought a potion of invisibility for 112 gold pieces
  5991 | D:5      | Bought a potion of heal wounds for 70 gold pieces
  5991 | D:5      | Bought a potion of berserk rage for 70 gold pieces
  5991 | D:5      | Bought 2 potions of flight for 84 gold pieces
  6057 | Ossuary  | Entered an ossuary
  6293 | D:5      | Found the +9 staff of Olgreb {rPois∞}
  6296 | D:5      | Found a runed translucent door.
  6315 | D:5      | Found a runed translucent door.
  6323 | D:5      | Found a runed translucent gate.
  6323 | D:5      | Found a runed translucent gate.
  6381 | D:5      | Found a hazy altar of Hepliaklqana.
  6382 | D:5      | Found a faded altar of an unknown god.
  6399 | D:5      | Reached skill level 1 in Fighting
  6399 | D:5      | Reached skill level 8 in Spellcasting
  6616 | D:5      | Found a runed translucent gate.
  6677 | D:5      | Reached skill level 9 in Spellcasting
  6728 | D:5      | Reached XP level 10. HP: 44/63 MP: 0/0
  6972 | D:6      | Reached skill level 10 in Spellcasting
  7019 | D:6      | Found Meukhoh's Armour Shoppe.
  7027 | D:6      | Bought the +0 pair of gloves of Atoo {Contam rElec Str+4
                  | Slay+2} for 356 gold pieces
  7160 | D:6      | Found Keskuah's General Store.
  7169 | D:6      | Bought a potion of lignification for 42 gold pieces
  7169 | D:6      | Bought a potion of brilliance for 56 gold pieces
  7213 | D:6      | Noticed Edmund
  7222 | D:6      | Killed Edmund
  7263 | D:6      | Found a glowing golden altar of the Shining One.
  7388 | D:6      | Found Gauff's Distillery.
  7391 | D:6      | Bought a potion of heal wounds for 55 gold pieces
  7391 | D:6      | Bought a potion of resistance for 110 gold pieces
  7391 | D:6      | Bought a potion of heal wounds for 55 gold pieces
  7411 | D:6      | Found Jugetala's Book Emporium.
  7462 | D:6      | Found Pirihun's Armour Shoppe.
  7506 | D:6      | Found a burning altar of Makhleb.
  7578 | D:6      | Found a glowing drain.
  7582 | Sewer    | Entered a sewer
  7660 | Sewer    | Identified the +0 pair of gloves of Gluttony {rN+ Regen+}
  8192 | D:7      | Found a staircase to the Ecumenical Temple.
  8955 | D:7      | Noticed Duvessa
  8956 | D:7      | Noticed Dowan
  8958 | D:7      | Killed Dowan
  8960 | D:7      | Killed Duvessa
  9156 | D:8      | Reached skill level 1 in Short Blades
  9156 | D:8      | Reached skill level 5 in Dodging
  9156 | D:8      | Reached skill level 11 in Spellcasting
  9156 | D:8      | Reached XP level 11. HP: 57/69 MP: 0/0
  9156 | D:8      | Learned a level 5 spell: Metabolic Englaciation
  9395 | D:8      | Found a basalt altar of Yredelemnul.
  9484 | D:8      | Found a white marble altar of Elyvilon.
  9803 | D:9      | Noticed Gastronok
  9814 | D:9      | Killed Gastronok
  9958 | D:9      | Reached skill level 5 in Stealth
 10096 | D:9      | Found a shadowy altar of Dithmenos.
 10550 | D:10     | Entered Level 10 of the Dungeon
 10778 | D:10     | Reached skill level 12 in Spellcasting
 10919 | D:10     | Found a staircase to the Lair.
 10927 | D:10     | Reached XP level 12. HP: 55/76 MP: 0/0
 11004 | D:10     | Found a staircase to the Orcish Mines.
 11644 | D:11     | Reached skill level 13 in Spellcasting
 11663 | D:11     | Noticed a death knight
 11676 | D:11     | Killed a death knight
 11721 | D:11     | Noticed a centaur warrior
 11727 | D:11     | Killed a centaur warrior
 11828 | D:11     | Noticed a skeletal warrior
 11829 | D:11     | Noticed a skeletal warrior
 11831 | D:11     | Noticed a skeletal warrior
 11831 | D:11     | Noticed a skeletal warrior
 12099 | D:6      | Bought the +1 robe of Defiance {rC+++ Regen+ Stlth-} for
                  | 648 gold pieces
 12272 | Lair:1   | Entered Level 1 of the Lair of Beasts
 13296 | Lair:2   | Found a transporter.
 13348 | Lair:2   | Found a dark tunnel.
 13356 | Volcano  | Entered a volcano
 13404 | Volcano  | Reached skill level 1 in Evocations
 13404 | Volcano  | Reached XP level 13. HP: 57/82 MP: 0/0
 13404 | Volcano  | Learned a level 5 spell: Alistair's Intoxication
 13512 | Volcano  | Reached skill level 14 in Spellcasting
 13523 | Volcano  | HP: 3/82 [+0 mace of flaming (11)]
 13529 | Volcano  | HP: 1/82 [+0 mace of flaming (8)]
 13529 | Volcano  | Slain by a +0 mace of flaming

Illustrated notes

Levels and vault maps discovered:
D:1:      psy_arrival_radial02, layout_basic, basic_ecumenical_altar
D:2:      layout_loops_ring
D:3:      layout_rooms, general_overflow_altar, grunt_temple_overflow_open,
          minmay_misc_feat_encased, uniq_crazy_yiuf_cottage
D:4:      layout_cave_pods, nicolae_gozag_cash_rules_everything_around_me,
          st_stairs_3, uniq_pikel
D:5:      layout_cave_pools, grunt_temple_overflow_forces_of_nature,
          beargit_hepliaklqana_dungeon_heroes, serial_shops, shop,
          nicolae_ossuary_entry_monument, dk_noncrumbling_2,
          minmay_guarded_unrand_staff_of_olgreb
D:6:      layout_basic, lemuel_doored_altar, lemuel_tele_altar,
          gup_sewer_entry_bowl, serial_shops, kennysheep_little_box,
          nicolae_shop_behind_doors, shop_fountains, shop, shop_coins,
          st_stairs_9, uniq_edmund
D:7:      layout_basic, minmay_temple_entry_slanted, uniq_duvessa
D:8:      layout_loops_cross, old_standard_altar, kennysheep_mini,
          nicolae_sextant
D:9:      layout_roguey, lemuel_round_altar, hangedman_corner_corridor,
          uniq_gastronok
D:10:     layout_long_grid, erik_lair_orcish_takeover,
          kennysheep_orc_monster_closet_entryway, minivault_21
D:11:     layout_layer_cave
Lair:1:   layout_loops_ring, st_stairs_6
Lair:2:   layout_cave_pods, swamp_mist, nicolae_spider_entry_non_spiders,
          nzn_ghost_randoct, lightli_volcano_entry_magma_tube,
          serial_bayou_lagoon_a
Volcano:  volcano_bunker

Skill      XL: |  1  2  3  4  5  6  7  8  9 10 11 12 13 |
---------------+----------------------------------------+-----
Spellcasting   | 3 4 5 6 7 9 11 12 13 14 | 14.0
Dodging        | 3 4 5 6 |  6.4
Stealth        | 2 3 4 5 |  5.2
Fighting       | 1 2 3 |  3.6
Short Blades   | 1 2 3 |  3.4
Evocations     | 1 |  1.5
Maces & Flails | |  0.7

Action                   |  1- 3 |  4- 6 |  7- 9 | 10-12 | 13-15 || total
-------------------------+-------+-------+-------+-------+-------++-------
Melee: Flail             |       |     3 |       |       |       ||     3
       Short sword       |       |       |       |    87 |     8 ||    95
 Cast: Foxfire           |    91 |   149 |   215 |   128 |       ||   583
       Sticky Flame      |       |       |    10 |    57 |     1 ||    68
       Fireball          |       |       |     8 |   125 |       ||   133
       Olgreb's Toxic Ra |       |       |       |    51 |     1 ||    52
       Metabolic Englaci |       |       |       |    29 |     1 ||    30
       Alistair's Intoxi |       |       |       |       |     2 ||     2
Evoke: Wand              |       |       |       |     9 |    13 ||    22
       Piece from Xom's  |       |       |       |     1 |     2 ||     3
  Use: Scroll            |       |       |     8 |    10 |     1 ||    19
       Potion            |       |       |     2 |     1 |     2 ||     5
 Stab: Distracted        |       |       |       |     2 |       ||     2
       Sleeping          |       |       |       |     2 |       ||     2
Armor: Robe              |     1 |     2 |     1 |    43 |     1 ||    48
Dodge: Dodged            |     9 |    11 |    16 |   113 |     9 ||   158

Table legend: (Time is in decaauts)
 A = Elapsed time spent in this place.
 B = Non-inter-level travel time spent in this place.
 C = Inter-level travel time spent in this place.
 D = Time resting spent in this place.
 E = Time spent auto-exploring this place.
 F = Levels seen in this place.
 G = Mean time per level.
                   A        B        C        D        E       F      G
               +--------+--------+--------+--------+--------+-----+--------+
         Total |  13538 |  12867 |    671 |    151 |  10435 |  16 |  846.1 |
       Dungeon |  11851 |  11210 |    641 |    151 |   9214 |  11 | 1077.4 |
          Lair |   1082 |   1053 |     29 |      0 |    878 |   2 |  541.0 |
         Sewer |    215 |    215 |      0 |      0 |    129 |   1 |  215.0 |
       Ossuary |    217 |    217 |      0 |      0 |    153 |   1 |  217.0 |
       Volcano |    172 |    172 |      0 |      0 |     61 |   1 |  172.0 |
               +--------+--------+--------+--------+--------+-----+--------+

Top non-repeatable levels by time:
     D:4: 1832 daAuts
     D:1: 1429 daAuts
     D:3: 1354 daAuts
    D:10: 1193 daAuts
     D:5: 1064 daAuts
     D:6: 1059 daAuts
     D:2: 1046 daAuts
     D:7: 999 daAuts
  Lair:1: 839 daAuts
     D:9: 789 daAuts
     D:8: 717 daAuts
    D:11: 365 daAuts
  Lair:2: 243 daAuts
 Ossuary: 217 daAuts
   Sewer: 215 daAuts
